SexyHexy, chaotic female orcish Barbarian ################################### ------- #---------------------------------[ |.....| #|.............@.................|# |......# #|.------------.....------------.|# |..<...### #|.|%%?|...|%%|.....| |(((|...|.|# |......############|.|=?[|...|%%|.....+ |(((|...|.|### |.....| ### #|[|[??|...|..|..q..| |...|...|.| # -.-..-- # #..|... ...--|-.@...-----|--|---.| ### -------- # # ### #|.-|----|--.....................| # |......| ### # ##|...[.........{......{..........| ##.......| ### ######..-|-----|-..@.---|--...........| |......| # ##### # #|.|...|...|---.|....|.----|----.| ###.......| ----.------- #|.|(((|...| |.|....|.| |....|.| |......| |.....^....| #|.|(((|...| +.|.(_.|.| |....|.| -------- |..........| #|.|(((|...| |.|....|.+ |....|.| |.>.........##########|.------------.------.---------.| ------------ |...............................| --------------------------------- SexyHexy the Bandit Experience level: 8 Strength: 18/01 Dexterity: 17 Constitution: 17 Intelligence: 7 Wisdom: 12 Charisma: 8 Health: 0(72) Energy: 18(18) AC: 3 Gold: 200 Moves: 2793 Your Inventory: Coins $ - 200 gold pieces Weapons a - an uncursed +0 axe (weapon in hand) b - an uncursed +0 two-handed sword C - an [uncursed +1] dagger I - 2 [uncursed +0] daggers Armor m - an uncursed +0 dwarvish cloak (being worn) n - an uncursed +0 pair of iron shoes (being worn) u - an uncursed +0 orcish ring mail (being worn) z - an uncursed +0 dwarvish iron helm (being worn) Comestibles d - 3 uncursed food rations e - 3 uncursed tripe rations Scrolls q - an uncursed scroll of teleportation A - an uncursed scroll of create monster Potions j - an uncursed amber potion [of levitation] v - an uncursed silver potion [of booze] Rings h - an uncursed steel ring [of cold resistance] x - a cursed diamond ring [of hunger] Tools o - an uncursed [+0] pick-axe B - 2 [uncursed tallow] candles Gems p - an uncursed white gem [worthless glass] s - 2 uncursed yellow gems [chrysoberyl] t - an uncursed yellowish brown gem [worthless glass] w - 2 uncursed violet gems [worthless glass] Spells known in the end: Name Level Category Fail Memory Your skills at the end: Fighting Skills bare handed combat [Basic / Master] Weapon Skills axe [Skilled / Expert] two-handed sword [Basic / Expert] Spellcasting Skills Final Attributes: You were piously aligned. Hunger level was 1088. Your alignment was 23 / 23. Monster difficulty range was 1 - 7. Level difficulty was 7. You were immune to poison. You were telepathic. You had infravision. You were fast. You were lucky (2). You are dead. Vanquished creatures: a warg 2 tengu a winter wolf cub an iron piercer a yeti a gold golem 2 housecats a shrieker 6 gnome lords 2 gnomish wizards 2 straw golems a giant ant a floating eye 11 dwarves a kobold lord 5 rothes an acid blob a gas spore 2 hobbits 3 giant rats 31 gnomes a gecko 4 jackals a fox a kobold a sewer rat 5 grid bugs 2 bats 2 lichens a kobold zombie 5 newts 100 creatures vanquished. Voluntary challenges: You used a wielded weapon 178 times. You read items or engraved 25 times. You put on armor 4 times. You never genocided any monsters. You never polymorphed an object. You never changed form. You used no wishes. You wrote Elbereth's name 16 times. You never encountered a bones level. You never used any Sokoban shortcuts. Dungeon overview: The Dungeons of Doom: levels 1 to 3 Level 1 a fountain a long staircase Level 2 a potion shop Level 3 a fountain stairs to The Gnomish Mines The Gnomish Mines: levels 4 to 8 Level 4 stairs to The Dungeons of Doom Level 7 <- You were here many shops, a temple to Set, a magic chest, some fountains History has recorded: On T:1 you entered the Dungeons of Doom to retrieve the Amulet of Yendor! On T:194 you advanced to experience level 2. On T:296 you reached level 2 of The Dungeons of Doom. On T:428 you advanced to experience level 3. On T:540 you reached level 3 of The Dungeons of Doom. On T:631 you advanced to experience level 4. On T:776 you reached level 1 of The Gnomish Mines. On T:790 you advanced to experience level 5. On T:913 you reached level 2 of The Gnomish Mines. On T:920 you advanced to experience level 6. On T:1081 you reached level 3 of The Gnomish Mines. On T:1114 you advanced to experience level 7. On T:1133 you reached level 4 of The Gnomish Mines. On T:2144 you reached level 5 of The Gnomish Mines. On T:2245 you advanced to experience level 8. Latest messages: [HP+1=12] [HP+1=13] [HP+1=14] [HP+1=15] [HP+1=16] [HP+1=17] [HP+1=18] [HP+1=19] [38 turns] [HP+1=20] [HP+1=21] [HP+1=22] You kill the giant ant! [HP+1=23] [HP+1=24] [HP+1=25] [HP+1=26] [HP+1=27] You smite the mumak! [HP+1=28] You smite the mumak! The mumak butts! You die... Final status: Goodbye SexyHexy the Barbarian... You died in The Gnomish Mines on dungeon level 7 with 4664 points, and 200 pieces of gold, after 2793 moves. You were level 8 with a maximum of 72 hit points when you died.